Map: Neon Violet Square LE

Players

LST - Winner!

  • Race: Zerg Zerg
  • League: Platinum
  • Spawn Location: 11:00

MustardTiger

  • Race: Terran Terran
  • League: Platinum
  • Spawn Location: 5:00

VOD

Have the link to the VOD?

Description

Time

  • Played on: Jan. 11, 2018, 12:03 p.m.
  • Length: 26:58
Show
View Real Time Build Order
Export as new Build Order

LST Zerg - Winner!

Build Orders: Hatch First 

Get SALT Encoding   

  12  0:02  Drone  
  13  0:15  Overlord  
  13  0:19  Drone  
  14  0:33  Drone x2  
  16  0:37  Drone  
  17  0:54  Hatchery  
  16  1:01  Drone x2  
  18  1:18  Extractor  
  17  1:19  Spawning Pool  
  17  1:21  Drone  
  17  1:23  Drone  
  18  1:38  Drone  
  19  2:07  Queen x2  
  23  2:11  Zergling x8  
  27  2:17  Metabolic Boost  
  27  2:19  Drone  
  28  2:25  Overlord  
  28  2:46  Overlord  
  28  2:52  Drone  
  28  2:53  Drone x3  
  28  2:57  Overlord  
  33  3:27  Drone x8  
  33  3:28  Drone x2  
  40  3:51  Zergling x2  
  40  3:52  Zergling x14  
  46  4:01  Lair  
  46  4:06  Drone x3  
  46  4:07  Hatchery  
  48  4:11  Extractor  
  48  4:12  Extractor  
  46  4:29  Baneling Nest  
  37  4:47  Roach Warren  
  38  4:58  Drone  
  38  4:59  Drone x2  
  41  5:00  Drone x3  
  44  5:11  Overlord, Spire  
  44  5:12  Overlord x2  
  43  5:19  Drone x3, Extractor, Queen  
  32  5:43  Zergling x22  
  37  6:10  Drone x4  
  41  6:18  Drone  
  42  6:19  Drone x9  
  42  6:22  Overlord  
  51  6:32  Queen  
  53  6:33  Queen  
  53  6:38  Drone x2  
  57  6:52  Drone x5  
  59  7:10  Mutalisk  
  59  7:11  Mutalisk x3  
  51  7:39  Mutalisk  
  51  7:40  Mutalisk x2  
  55  7:45  Drone x2  
  55  7:46  Drone  
  58  8:11  Mutalisk  
  58  8:12  Mutalisk x2  
  64  8:19  Drone x4  
  65  8:28  Zergling x12  
  67  8:45  Mutalisk  
  69  9:00  Zergling x2  
  69  9:01  Zergling x8  
  69  9:13  Mutalisk  
  70  9:30  Drone x4  
  74  9:33  Overlord x2  
  74  9:34  Overlord x2  
  74  9:43  Zergling x2  
  74  9:44  Zergling x2  
  74  9:52  Infestation Pit  
  73  9:58  Drone  
  73  9:59  Drone x8  
  82  10:11  Drone x4  
  70  10:59  Drone  
  70  11:00  Drone x19  
  70  11:02  Zergling x4  
  90  11:07  Mutalisk  
  90  11:08  Mutalisk  
  94  11:11  Overlord  
  94  11:15  Hive  
  94  11:21  Extractor  
  94  11:22  Extractor, Mutalisk x3  
  94  11:25  Mutalisk  
  100  11:39  Drone  
  102  11:40  Drone x3  
  104  11:56  Mutalisk x2  
  104  11:57  Mutalisk x3  
  114  12:05  Overlord x4  
  114  12:08  Pneumatized Carapace  
  114  12:29  Mutalisk  
  114  12:30  Mutalisk x7  
  130  12:38  Greater Spire  
  130  12:56  Zergling x6  
  130  12:57  Zergling x26  
  145  13:13  Hatchery  
  145  13:17  Overlord x2  
  145  13:18  Overlord x2  
  144  13:25  Hatchery  
  126  13:59  Corruptor x5  
  136  14:12  Corruptor x2  
  136  14:16  Zerg Flyer Weapons Level 1  
  140  14:27  Corruptor x4  
  148  14:34  Brood Lord x3  
  148  14:35  Brood Lord  
  112  14:46  Mutalisk x3  
  112  14:49  Zergling x2  
  112  14:50  Zergling x34  
  136  14:56  Brood Lord  
  138  15:10  Drone  
  138  15:11  Drone x6  
  114  15:54  Zergling x10  
  114  15:55  Zergling x30  
  130  16:01  Brood Lord x5  
  127  16:49  Extractor  
  127  16:50  Extractor  
  125  17:06  Zergling x2  
  125  17:07  Zergling x36  
  142  17:15  Corruptor  
  134  17:17  Hatchery  
  134  17:22  Corruptor x3  
  130  17:23  Corruptor  
  138  17:33  Corruptor x2  
  138  17:34  Corruptor x5  
  152  17:50  Drone x3  
  155  17:51  Drone  
  155  17:52  Drone x2  
  158  18:12  Corruptor  
  158  18:13  Corruptor x5  
  158  18:18  Zerg Flyer Armor Level 1  
  170  18:20  Overlord  
  170  19:05  Zergling x2, Hatchery  
  170  19:06  Zergling x40  
  170  19:09  Overlord x3  
  153  20:06  Corruptor  
  153  20:07  Corruptor x7  
  130  20:10  Zergling x2  
  130  20:11  Zergling x32  
  127  20:41  Corruptor x5  
  121  20:54  Corruptor  
  121  20:55  Corruptor x2  
  115  21:03  Corruptor  
  117  21:34  Brood Lord x2  
  117  21:35  Hatchery  
  120  22:00  Hatchery  
  119  22:06  Extractor  
  119  22:07  Extractor  
  117  22:16  Queen  
  119  22:48  Brood Lord x4  
  119  22:50  Corruptor  
  119  22:51  Corruptor x8  
  129  22:54  Brood Lord x8  
  162  22:58  Zergling x2  
  162  22:59  Zergling x26  
  160  23:18  Corruptor  
  160  23:19  Corruptor x4  
  146  24:02  Zergling x2  
  146  24:03  Zergling x34  
  146  24:04  Zergling x28  
  171  24:41  Corruptor x4  
  167  25:15  Zergling x2  
  167  25:16  Zergling x40  
  167  25:17  Zergling x24  
  194  25:52  Corruptor x6  
  194  25:53  Corruptor  
  163  26:20  Brood Lord x2  
  163  26:21  Brood Lord x3  
Show
View Real Time Build Order
Export as new Build Order

MustardTiger Terran 

Build Orders: Hellion Opening, Reaper Expand, Mech 

Get SALT Encoding   

  12  0:01  SCV  
  13  0:13  SCV  
  14  0:19  Supply Depot  
  14  0:26  SCV  
  15  0:29  Refinery  
  15  0:40  SCV  
  16  0:47  Barracks  
  16  0:52  SCV  
  17  1:04  SCV  
  18  1:17  SCV  
  19  1:33  Orbital Command  
  19  1:34  Reaper  
  20  1:48  Command Center  
  20  2:00  Factory  
  20  2:04  SCV  
  20  2:08  Barracks Reactor  
  21  2:16  SCV  
  21  2:18  Supply Depot  
  21  2:22  Refinery  
  22  2:30  SCV  
  23  2:42  SCV  
  24  2:54  SCV  
  24  2:55  Starport  
  25  3:00  Orbital Command  
  25  3:02  Hellion  
  25  3:04  Hellion  
  29  3:07  SCV  
  30  3:14  Barracks Tech Lab  
  30  3:19  SCV  
  28  3:35  Hellion x2  
  32  3:42  SCV x2  
  33  3:52  Supply Depot  
  33  3:54  SCV x2  
  35  3:56  Hellion x2  
  35  3:58  Viking  
  41  4:06  SCV  
  42  4:11  SCV  
  43  4:18  SCV  
  43  4:21  Supply Depot  
  44  4:26  Supply Depot, SCV  
  44  4:27  Hellion  
  44  4:28  Hellion  
  43  4:46  SCV x2  
  43  4:48  Hellion  
  43  4:49  Hellion  
  49  4:52  Supply Depot  
  49  4:58  SCV  
  50  5:01  SCV  
  50  5:05  Command Center  
  51  5:07  Refinery x2  
  51  5:10  Raven  
  51  5:11  SCV  
  51  5:13  SCV  
  55  5:23  Hellion x2  
  59  5:42  SCV x2  
  61  5:47  Hellion x2  
  65  5:57  Barracks Tech Lab  
  65  6:03  Factory  
  55  6:04  SCV x2  
  55  6:06  Factory  
  55  6:10  Supply Depot  
  57  6:16  SCV x2  
  59  6:28  SCV  
  59  6:29  SCV  
  61  6:35  Armory  
  61  6:38  Supply Depot  
  61  6:39  Armory  
  61  6:40  SCV  
  61  6:42  Command Center  
  61  6:43  SCV  
  63  6:47  Engineering Bay  
  63  6:53  SCV  
  64  6:54  Factory  
  64  7:10  Siege Tank, Hellion  
  64  7:11  Hellion x2  
  56  7:32  Hellion x2  
  56  7:34  Siege Tank  
  58  7:38  Factory  
  58  7:42  Supply Depot  
  58  7:43  Hellion  
  58  7:53  Hellion  
  58  7:54  Hellion  
  65  8:06  Supply Depot, SCV x2  
  65  8:08  Supply Depot  
  65  8:11  Supply Depot  
  65  8:12  Supply Depot  
  70  8:25  Planetary Fortress  
  66  8:32  Thor  
  61  8:34  Starport Reactor, Thor  
  61  8:41  SCV x2  
  66  8:45  Factory Tech Lab, Factory Reactor  
  63  8:50  Missile Turret  
  63  8:53  SCV x2  
  59  8:58  Hellion x2  
  61  9:04  Missile Turret  
  61  9:05  SCV x2  
  61  9:09  Thor  
  69  9:18  Missile Turret  
  69  9:20  Missile Turret  
  69  9:55  Missile Turret  
  69  10:01  Command Center  
  69  10:21  Command Center  
  64  11:17  Missile Turret  
  64  11:18  Missile Turret  
  64  11:46  Supply Depot  
  64  11:47  Supply Depot x2  
  64  11:49  Supply Depot  
  64  11:50  Factory Tech Lab  
  64  11:57  Orbital Command  
  64  11:59  Refinery  
  64  12:01  Refinery  
  64  12:08  Hellion x2, SCV  
  69  12:09  Viking, Thor, Hellion x2, Starport, SCV  
  69  12:10  Thor, Fusion Core  
  69  12:11  Starport  
  88  12:17  Supply Depot  
  88  12:20  SCV  
  88  12:21  SCV  
  90  12:28  SCV  
  90  12:29  Hellion  
  93  12:31  Hellion, Terran Vehicle And Ship Armor Level 1, Terran Vehicle Weapons Level 1  
  93  12:32  SCV  
  93  12:34  Hellion x2  
  100  12:38  Thor  
  100  12:39  SCV  
  100  12:40  SCV  
  100  12:41  Supply Depot  
  108  12:51  Viking  
  109  12:53  Starport Tech Lab  
  109  12:54  Starport Tech Lab  
  109  13:02  Viking, Thor  
  117  13:10  Missile Turret  
  117  13:12  Missile Turret  
  117  13:45  Hellion  
  117  13:47  Command Center  
  117  13:48  Infernal Pre-Igniter  
  117  13:55  SCV x3  
  117  13:58  Hellion  
  115  14:07  SCV  
  115  14:08  SCV  
  116  14:33  Starport Tech Lab  
  116  14:40  Cyclone  
  116  14:42  Siege Tank  
  114  14:50  Hellion  
  116  14:56  SCV  
  117  15:28  SCV x2  
  117  15:29  Hellion  
  117  15:34  Thor  
  117  15:39  Battlecruiser  
  117  15:42  Hellion  
  117  15:46  Battlecruiser  
  117  15:47  Hellion  
  117  15:49  Battlecruiser  
  117  15:52  Thor  
  113  15:59  Thor  
  107  16:17  Thor  
  89  16:41  Command Center  
  89  16:43  Viking  
  91  16:50  Viking  
  91  16:51  Missile Turret  
  91  16:53  Viking  
  95  16:55  Missile Turret  
  95  16:56  Missile Turret  
  95  17:05  SCV x3  
  88  17:17  Missile Turret, SCV  
  83  17:29  Weapon Refit  
  83  17:33  Thor x2  
  93  17:45  Missile Turret, SCV x2  
  93  17:49  SCV  
  96  17:57  Refinery  
  96  17:58  Planetary Fortress  
  96  18:03  Viking  
  98  18:06  Missile Turret  
  98  18:09  Refinery, SCV x3  
  101  18:18  Battlecruiser  
  107  18:20  Viking  
  107  18:23  Hellion  
  111  18:35  Command Center  
  111  18:39  Viking  
  113  18:45  Hellion x3  
  113  18:48  Thor  
  125  18:50  Viking  
  127  19:08  Hellion  
  127  19:09  Hellion  
  131  19:17  Supply Depot  
  131  19:18  Supply Depot  
  131  19:20  Supply Depot  
  131  19:22  Supply Depot  
  131  19:38  Viking, Thor, Missile Turret  
  131  19:40  Viking x2  
  131  19:41  Missile Turret  
  111  20:08  Viking  
  111  20:10  Viking  
  91  20:26  Thor x3  
  91  20:27  Hellion  
  97  20:55  Hellion x2  
  101  21:09  Thor x2  
  117  21:11  Hellion x2  
  117  21:20  Supply Depot  
  117  21:22  Supply Depot  
  117  21:24  Supply Depot  
  117  21:35  Hellion x3  
  123  21:48  Missile Turret  
  123  21:49  Missile Turret x2  
  123  21:53  Missile Turret  
  123  21:56  Hellion  
  125  22:01  Viking  
  127  22:29  Hellion  
  129  22:32  Command Center  
  129  22:47  Thor  
  129  22:48  Viking  
  137  23:15  Viking x2  
  137  23:18  Viking  
  135  23:45  Viking  
  135  23:46  Viking  
  121  23:48  Viking  
  97  24:03  Thor  
  81  24:15  Viking, Planetary Fortress  
  81  24:16  Viking  
  81  24:21  SCV x2  
  81  24:23  SCV  
  76  24:39  Viking  
  76  24:43  Terran Ship Weapons Level 1  
  76  24:45  Viking  
  70  24:46  Viking  
  63  25:09  Viking, Hellion  
  63  25:10  Hellion x3  
  69  25:30  Hellion x3  
  71  25:55  Viking x2  
  71  25:56  Viking  
  35  26:22  Hellion x2  
  36  26:25  Viking  
Tags
 
Add a new tag
Caveats
  • Supply blocks, unpowered buildings, or Contaminate may cause inaccurate times.
  • Supply counts are checked every 10 seconds.